cohdb
Replays
Latest Replays
All Replays
Popular Replays
Top Player Replays
Match Explorer
How It Works
Community
CoH3 Stats
Reddit
Sign in to upload your games and track your stats! →
Sign in with Steam
Match 45607886
Unlisted
Match 45607886
Overview
Messages
Build Orders
End
Kradschützen Motorcycle Team
Kradschützen Motorcycle Team
Selects Panzerjäger Kommand Battlegroup
Selects Mine Fields
Panzerpioneer Squad
Panzergrenadier Squad
Construct Light Support Kompanie
MG34 Team
Panzerjäger Squad
Selects Defensive Positions
Construct Mechanized Kompanie
250 Light Carrier
8 Rad Armored Car
Marder III Tank Destroyer
Tungsten Core Ammunition
8 Rad Armored Car
Support Armor Elements
Selects Tank Busters
Selects Crew Shock Tactics
Advanced Field Repairs
MG34 Team
18-tonne Recovery Half-track
2.5-tonne Medical Truck
Panzerjäger Squad
Construct Panzerarmee Kommand
Selects Anti-tank Overwatch
NightwaveDissaor
Szpilok
mitchellvarian12
Liberator4515
0
0
Comments
sign in to comment!
No comments posted yet!